[Event "Polish Youth B18 Championship 2023"]
[Site "Jastrzebia Gora"]
[Date "2023.03.19"]
[Round "9.17"]
[White "Kossowski, Pawel"]
[Black "Karut, Kacper"]
[Result "1/2-1/2"]
[ECO "B89"]
[WhiteElo "1766"]
[BlackElo "1904"]
[Annotator "TA"]
[PlyCount "112"]
[EventDate "2023.03.11"]
[EventType "swiss"]
[EventCountry "POL"]
[SourceTitle "playchess.com"]
[Source "ChessBase"]
[SourceQuality "1"]
[TimeControl "40/5400+30:1800+30"]

1. e4 {[%emt 0:00:02] ChessBase II} c5 2. Nf3 Nc6 3. d4 cxd4 4. Nxd4 Nf6 5. Nc3 d6 6. Bc4 e6 7. Be3 Be7 {[%emt 0:00:46] 7...a6 is the hot move.} 8. O-O O-O 9. Bb3 Nxd4 {[%emt 0:08:32] B88: Sicilian: Sozin Attack.} 10. Qxd4 Bd7 11. Rad1 Bc6 12. h3 (12. Qc4 {feels hotter.} Qa5 13. Bd4 Nxe4 14. Nxe4 Bxe4 15. Bxg7 Bxg2 16. Qg4) 12... Qc7 13. f4 b5 14. f5 e5 15. Qd3 {[%emt 0:01:04] [#]} b4 $146 ({Predecessor:} 15... Rac8 16. g4 Qb7 17. Nd5 Bxd5 18. exd5 Nd7 19. c3 f6 20. Qe2 a5 21. Bc2 Rc7 {½-½ Honfi,K-Paoli,E Reggio Emilia-09 1966/67 (9)}) 16. Nd5 Bxd5 17. Bxd5 Nxd5 18. Qxd5 Qxc2 19. Rd2 Qc7 20. g4 Qd8 21. Rg2 Bg5 22. Bxg5 Qxg5 23. f6 (23. Qd2 {simplifies} Qxd2 24. Rxd2 Rac8 25. Rxd6 Rc4 26. Rd7) 23... g6 24. Qxd6 $2 (24. Qd2 $11 Qh4 25. Kh2) 24... Qe3+ $2 (24... Rad8 $19 25. Qxb4 Qe3+ 26. Rgf2 Qxh3) 25. Kh2 $11 Rad8 26. Qxe5 Rd3 (26... Rfe8 {simplifies} 27. Qg3 Rxe4 28. Qxe3 Rxe3 29. Rf4 a5) 27. Qf4 $2 (27. Qg3 $1 $11) 27... Qxh3+ $19 28. Kg1 {[%emt 0:00:14] [#]} Qe3+ ({Better is} 28... Rfd8 $1 $19 {aiming for ...a5.} 29. e5 R3d4) 29. Qf2 (29. Qxe3 $15 Rxe3 30. Rf4) 29... Re8 30. Re1 {[%emt 0:01:33] [#]} (30. Qxe3 $17 Rxe3 31. Rc1) 30... Qh6 (30... Qg5 $1 $19 31. Rf1 Rxe4 32. Qxa7 Rd8) 31. g5 $17 Qh5 {[%emt 0:01:33] ...Rh3 would be deadly.} 32. Qe2 Rh3 (32... Rf3 $17 {[%cal Oh5h4] Strongly threatening ...Qh4!} 33. e5 Qh4) 33. Qxh5 $11 {[%emt 0:01:43] The position is equal.} Rxh5 {[%emt 0:00:02][%mdl 4096] Endgame KRR-KRR} 34. Rd1 Rh4 35. Rd7 a5 36. Ra7 Rhxe4 37. Rxa5 h6 38. gxh6 Re1+ 39. Kh2 R8e6 40. Rb5 R1e4 41. Rf2 Re2 42. Kg2 Rxf2+ ({Don't take} 42... Kh7 43. Rxb4 Rxf2+ 44. Kxf2 $14) 43. Kxf2 Rxf6+ {[%emt 0:00:06] KR-KR} 44. Kg3 Ra6 45. Rxb4 Rxa2 46. Rb7 Ra8 47. Kg4 Ra4+ 48. b4 Ra1 49. h7+ {[%emt 0:02:00][%mdl 64] Decoy} Kxh7 {[%emt 0:00:02] Hoping for ...Rf1.} 50. Rxf7+ Kh6 51. b5 Rb1 52. Rb7 Rb4+ 53. Kg3 Kg5 54. b6 Rb3+ 55. Kf2 Kg4 56. Rb8 Rb2+ {[%emt 0:01:13] Weighted Error Value: White=0.20 (precise) /Black=0.20 (precise)} 1/2-1/2

[Event "Polish Youth B18 Championship 2023"]
[Site "Jastrzebia Gora"]
[Date "2023.03.19"]
[Round "9.18"]
[White "Zeissel, Andrzej"]
[Black "Kozlowski, Franciszek"]
[Result "1-0"]
[ECO "C11"]
[WhiteElo "1717"]
[BlackElo "1829"]
[Annotator "NA RC COMBH"]
[PlyCount "62"]
[EventDate "2023.03.11"]
[EventType "swiss"]
[EventCountry "POL"]
[SourceTitle "playchess.com"]
[Source "ChessBase"]
[SourceQuality "1"]
[TimeControl "40/5400+30:1800+30"]

1. e4 c6 2. d4 d5 3. f3 e6 4. Nc3 Nf6 5. e5 Nfd7 6. f4 c5 7. Nf3 Nc6 8. Be3 cxd4 9. Nxd4 a6 10. Be2 Bc5 11. Qd2 Ndxe5 12. O-O-O ({Don't play} 12. fxe5 Nxd4 13. Bd1 Nxc2+ 14. Bxc2 Bxe3 {[%mdl 64] Remove Defender} 15. Qxe3 d4 $17 {[%mdl 64] Deflection, Double Attack}) ({Only move:} 12. Nxc6 $14 Bxe3 13. Nxd8 (13. Qxe3 Nxc6 14. Qc5 Bd7 $17) 13... Bxd2+ 14. Kxd2) 12... Nc4 13. Bxc4 dxc4 14. Nxc6 Qxd2+ 15. Bxd2 bxc6 16. Ne4 Be7 17. Bc3 f6 18. Nd6+ Bxd6 19. Rxd6 Bd7 20. Rhd1 Ra7 21. Bd4 Rb7 22. Bc5 g5 23. fxg5 fxg5 24. R1d4 Rg8 25. Rxc4 Rg6 26. Ra4 e5 27. Rxg6 hxg6 28. Rxa6 Rb5 29. b4 Kf7 30. Ra8 Ke6 $18 31. Rd8 Kd5 1-0

[Event "Polish Youth B18 Championship 2023"]
[Site "Jastrzebia Gora"]
[Date "2023.03.19"]
[Round "9.19"]
[White "Pieczulis, Blazej"]
[Black "Bem, Tymoteusz"]
[Result "1-0"]
[ECO "D45"]
[WhiteElo "1784"]
[BlackElo "1748"]
[Annotator "NA RC COMBH"]
[PlyCount "45"]
[EventDate "2023.03.11"]
[EventType "swiss"]
[EventCountry "POL"]
[SourceTitle "playchess.com"]
[Source "ChessBase"]
[SourceQuality "1"]
[TimeControl "40/5400+30:1800+30"]

1. d4 d5 2. c4 c6 3. Nc3 Nf6 4. e3 e6 5. Nf3 Nbd7 6. Be2 Bd6 7. O-O b6 8. b3 Bb7 9. Bb2 O-O 10. Bd3 Qe7 11. Re1 c5 12. e4 cxd4 13. Nxd4 dxe4 14. Nxe4 Nxe4 15. Bxe4 Bxh2+ 16. Kxh2 Qh4+ 17. Kg1 Bxe4 18. f3 Bf5 19. Nxf5 exf5 20. Qxd7 Rad8 21. Qe7 f6 22. Qe3 Rfe8 23. Qc3 1-0

[Event "Polish Youth B18 Championship 2023"]
[Site "Jastrzebia Gora"]
[Date "2023.03.19"]
[Round "9.20"]
[White "Smuda, Tomasz"]
[Black "Krasniewski, Szymon"]
[Result "1-0"]
[ECO "A48"]
[WhiteElo "1654"]
[BlackElo "1771"]
[Annotator "NA RC COMBH"]
[PlyCount "129"]
[EventDate "2023.03.11"]
[EventType "swiss"]
[EventCountry "POL"]
[SourceTitle "playchess.com"]
[Source "ChessBase"]
[SourceQuality "1"]
[TimeControl "40/5400+30:1800+30"]

1. d4 Nf6 2. Nf3 g6 3. Nbd2 Bg7 4. e4 d6 5. Bb5+ c6 6. Bd3 O-O 7. O-O Nbd7 8. a4 e5 9. dxe5 dxe5 10. b4 Qc7 11. Bb2 Ne8 12. c3 Nd6 13. Qe2 Kh8 14. Nc4 Nxc4 15. Bxc4 Nf6 16. Rfd1 Bg4 17. b5 Nh5 18. Ba3 Rfd8 19. h3 Nf4 20. Qe3 cxb5 21. Bxb5 Bxf3 22. Qxf3 a6 23. Bf1 h6 24. g3 Ne6 25. Rd5 Ng5 26. Qe3 f5 27. Rc5 Qd7 28. Bg2 Qxa4 29. exf5 Rd1+ 30. Rxd1 Qxd1+ 31. Kh2 Qb3 32. Bb4 gxf5 33. Rxe5 Qf7 34. Re7 Qh5 35. f4 Ne4 36. g4 Qh4 37. gxf5 a5 38. Ba3 Nf6 39. Qf3 Rc8 40. c4 Rg8 41. Rxb7 h5 42. Be7 Re8 43. Bxf6 Bxf6 44. Rb6 Re1 45. Re6 Ra1 46. Qa8+ Kh7 47. Qb7+ Bg7 48. Qe4 Bf6 49. Rd6 Ra3 50. Rd7+ Kh6 51. Rd1 Qg3+ 52. Kh1 Ra2 53. Qc6 Qh4 54. c5 a4 55. Qe8 Qg3 56. Qe4 a3 57. c6 Ra1 58. Rxa1 Bxa1 59. c7 a2 60. c8=Q Bf6 61. Qf8+ Qg7 62. Qee8 a1=Q+ 63. Kh2 Kh7 64. Qh8+ Qxh8 65. Qg6# 1-0

[Event "Polish Youth B18 Championship 2023"]
[Site "Jastrzebia Gora"]
[Date "2023.03.19"]
[Round "9.21"]
[White "Sternik, Piotr"]
[Black "Malik, Maciej"]
[Result "1/2-1/2"]
[ECO "E97"]
[WhiteElo "1746"]
[BlackElo "2163"]
[Annotator "TA"]
[PlyCount "61"]
[EventDate "2023.03.11"]
[EventType "swiss"]
[EventCountry "POL"]
[SourceTitle "playchess.com"]
[Source "ChessBase"]
[SourceQuality "1"]
[TimeControl "40/5400+30:1800+30"]

1. d4 Nf6 2. c4 g6 3. Nc3 Bg7 4. e4 d6 5. Be2 O-O 6. Nf3 e5 7. O-O Nc6 8. Be3 Ng4 9. Bg5 f6 10. Bh4 g5 11. Bg3 Nh6 12. dxe5 fxe5 13. Nd5 $1 {[%emt 0:01:36][%mdl 4] [#] is more profitable than 13.h3 at the moment. E97: King's Indian: Classical Main Line (6...e5 7 0-0 Nc6): 8 Be3 and 8 d5 Ne7, not 9 Ne1.} Bg4 $146 ({Predecessor:} 13... g4 14. Bh4 Qd7 15. Ne1 Nd4 16. Nc2 Kh8 17. Qd2 Rf7 18. Rae1 Qe8 19. Bg5 Ng8 20. Bd1 Be6 {0-1 Petrosyan,M (2637)-Grischuk,A (2764) Titled Tuesday intern op 22nd Feb Early blitz 2022 (7)}) 14. Nd2 {[%emt 0:21:16] White is more active.} Bxe2 15. Qxe2 {[%emt 0:00:02] White has an edge.} Nd4 16. Qh5 Ne6 17. Qd1 (17. Rad1 {feels hotter.} Nf4 18. Bxf4 exf4 19. c5) 17... c6 18. Ne3 Qe8 19. Nf3 ({White should try} 19. f3 $16) 19... Rd8 $11 20. Qa4 Nc5 21. Qc2 Qg6 22. Nd2 Ne6 23. Qa4 Nc5 24. Qc2 (24. Qxa7 $5 Bf6 25. Qa3 $11) 24... b6 (24... Ne6 $11) 25. b4 Ne6 26. Qa4 Nd4 27. Rfe1 a6 28. Rac1 Qh5 29. Qd1 Qg6 (29... Qxd1 $14 30. Rcxd1 g4) 30. Qa4 ({White should play} 30. b5 $16) 30... Qh5 $1 $14 31. Qd1 {Weighted Error Value: White=0.20 (precise) /Black=0.17 (very precise)} (31. h3 $14) 1/2-1/2

[Event "Polish Youth B18 Championship 2023"]
[Site "Jastrzebia Gora"]
[Date "2023.03.19"]
[Round "9.22"]
[White "Wesolek, Krzysztof"]
[Black "Kotowicz, Kamil"]
[Result "1/2-1/2"]
[ECO "A01"]
[WhiteElo "1765"]
[BlackElo "1828"]
[Annotator "NA RC COMBH"]
[PlyCount "107"]
[EventDate "2023.03.11"]
[EventType "swiss"]
[EventCountry "POL"]
[SourceTitle "playchess.com"]
[Source "ChessBase"]
[SourceQuality "1"]
[TimeControl "40/5400+30:1800+30"]

1. b3 c5 2. Bb2 Nc6 3. e3 Nf6 4. Nf3 g6 5. Be2 Bg7 6. O-O O-O 7. c4 Re8 8. d4 cxd4 9. exd4 d5 10. Nbd2 b6 11. Ne5 Nxe5 12. dxe5 Nd7 13. Nf3 dxc4 14. Bxc4 ({Reject} 14. Qd5 Ba6 15. Bxc4 (15. Ng5 $2 e6 $19) 15... e6 $11) 14... Nc5 15. Qe2 ({Better is} 15. Ng5 $16 Be6 16. Nxe6 Qxd1 17. Raxd1 (17. Rfxd1 Nxe6 18. g3 g5 $16) 17... Nxe6 18. Rd2) 15... Be6 16. Bb5 Bd7 17. Rfd1 Bxb5 18. Qxb5 a6 19. Qe2 Qc7 20. Rac1 Qb7 21. Ba3 Ne6 22. Qe3 Red8 23. h3 h5 24. Nd4 Nxd4 25. Rxd4 b5 26. Rcd1 Qc7 27. Rxd8+ Rxd8 28. Rxd8+ Qxd8 29. e6 Bf6 30. exf7+ Kxf7 31. Bc5 Qd1+ 32. Kh2 Qc2 33. a3 Qf5 34. Bd4 $11 Qe6 35. Bxf6 Qxe3 36. fxe3 exf6 37. Kg3 Ke6 38. Kf4 Kd5 39. g3 a5 40. g4 hxg4 41. hxg4 a4 42. bxa4 bxa4 43. e4+ Kd4 44. g5 fxg5+ 45. Kxg5 Kxe4 46. Kxg6 Kd3 47. Kf5 Kc2 48. Ke4 Kb2 49. Kd3 Kxa3 50. Kc3 Ka2 51. Kc2 a3 52. Kc1 Ka1 53. Kc2 a2 54. Kc1 1/2-1/2